 Dungeon Crawl Stone Soup version 0.32-a0-814-g0968bab981 (webtiles) character file.

Game seed: 771575076214330174

771 hikkokomori the Apothecary (level 7, -1/57 HPs)
             Began as a Mountain Dwarf Alchemist on Mar 23, 2024.
             Killed from afar by a white imp (5 damage)
             ... with a puff of frost
             ... on level 6 of the Dungeon.
             The game lasted 00:11:52 (5145 turns).

hikkokomori the Apothecary (MDAl)                   Turns: 5145, Time: 00:11:52

Health: -1/57      AC:  9    Str: 10    XL:     7   Next: 53%
Magic:  12/12      EV:  7    Int: 18    God:
Gold:   123        SH:  0    Dex: 14    Spells: 9/13 levels left

rFire   . . .        n - +2 mace of Cuthrudghe {freeze, Int+2 Dex+2}
rCold   + . .        (no shield)
rNeg    . . .        h - +1 scale mail {rPois}
rPois   +            u - +0 helmet
rElec   .            (no cloak)
rCorr   .            v - +0 pair of gloves
SInv    .            (no boots)
Will    .....        t - amulet of magic regeneration
Stlth   +            p - ring of protection from cold
HPRegen 0.29/turn    (no ring)
MPRegen 0.53/turn

%: no passive effects
@: no status effects
A: runic magic, artefact enchanting, no potion heal 1
a: no special abilities


You were on level 6 of the Dungeon.
You visited 1 branch of the dungeon, and saw 5 of its levels.
You also visited: Sewer.

You collected 213 gold pieces.
You spent 90 gold pieces at shops.

Inventory:

Hand Weapons
 c - a +0 long sword
 e - a +0 whip of venom
 n - the +2 mace of Cuthrudghe (weapon) {freeze, Int+2 Dex+2}
   (You found it on level 3 of the Dungeon)

   Int+2:     It affects your intelligence (+2).
   Dex+2:     It affects your dexterity (+2).
Missiles
 k - 23 poisoned darts
 s - 4 boomerangs
Armour
 a - a +0 robe
 h - a +1 scale mail of poison resistance (worn)
 u - a +0 helmet (worn)
 v - a +0 pair of gloves (worn)
Jewellery
 p - a ring of protection from cold (left hand)
 t - an amulet of magic regeneration (around neck)
Scrolls
 j - a scroll of enchant armour
 m - a scroll of fear {unknown}
 o - a scroll of teleportation
 q - a scroll of blinking {unknown}
Potions
 b - 4 potions of magic
 d - a potion of attraction
 f - a potion of heal wounds
 g - a potion of curing {unknown}
 i - 2 potions of mutation
 l - a potion of brilliance {unknown}
 r - a potion of haste {unknown}


   Skills:
 + Level 3.4 Fighting
 + Level 1.4 Maces & Flails
 - Level 2.0 Dodging
 - Level 2.0 Stealth
 + Level 3.5 Spellcasting
 + Level 3.3 Conjurations
 + Level 1.8 Air Magic
 + Level 3.9 Alchemy


You had 9 spell levels left.
You knew the following spells:

 Your Spells              Type           Power      Damage    Failure   Level
a - Sting                 Conj/Alch      64%        1d7       5%          1
b - Mephitic Cloud        Conj/Alch/Air  14%        N/A       22%         3

Your spell library contained the following spells:

 Spells                   Type           Power      Damage    Failure   Level
 Mercury Vapours          Alch/Air       26%        N/A       12%         2
 Olgreb's Toxic Radiance  Alch           17%        N/A       45%         4
 Sticky Flame             Fire/Alch      10%        2d5       73%         4


Dungeon Overview and Level Annotations

Branches:
Dungeon (4/15)              Sewer (visited)
 Temple: D:4-7

Altars:
Cheibriados
Kikubaaqudgha
Uskayaw

Shops:
D:4 [


Innate Abilities, Weirdness & Mutations

Your spellcasting is much less encumbered by armour.
You can use scrolls of enchantment on lesser artefacts.
Potions are less effective at restoring your health.


Message History

Things that are here:
a +0 spear of freezing; a gnoll corpse You feel sick.
You are no longer poisoned.
You hit the adder. You freeze the adder.
The adder is severely wounded.
The white imp gestures at you. The puff of frost hits you. You resist.
* * * LOW HITPOINT WARNING * * *
You thump the adder!
The adder seems to slow down.
You freeze the adder.
You kill the adder!
You thump the white imp!
The white imp is severely wounded.
The white imp completely misses you.
You closely miss the white imp.
The white imp is severely wounded.
The white imp sputters.
The white imp hits you but does no damage.
The white imp hits you.
* * * LOW HITPOINT WARNING * * *
The white imp freezes you. You resist.
* * * LOW HITPOINT WARNING * * *
You completely miss the white imp.
The white imp is severely wounded.
The white imp hits you but does no damage.
You hit the white imp.
The white imp is severely wounded.
The white imp shouts, "Begone, thou pecksniffian boodle-bothering flap-bat!"
The white imp hits you.
* * * LOW HITPOINT WARNING * * *
The white imp freezes you. You resist.
* * * LOW HITPOINT WARNING * * *
You hit the white imp but do no damage.
The white imp is severely wounded.
The white imp closely misses you. The white imp barely misses you.
You hit the white imp but do no damage.
The white imp is severely wounded.
The white imp gestures at you. The puff of frost hits you. You resist.
You die...

###### # #..#.###
..##.###......## #
#.......).....##.##
#....5@.).........#
#.......$..........#
##.#...).........###
.........).......#
..#.#....$.##......#
# #.#.........#....#
. ##......#.#.....#
. .#......#.##...##
..##....##.. ....


You could see a white imp.

Vanquished Creatures
  2 kobold brigands (Sewer)
  2 brain worms (Sewer)
  A howler monkey (D:3)
  A gnoll bouda (D:4)
  Jessica (D:3)
  An iguana (D:6)
  Natasha (twice) (D:3)
  An orc wizard (D:3)
  8 gnolls
  12 adders
  4 dart slugs
  4 orcs (D:3)
  12 endoplasms
  8 giant cockroaches
  13 goblins
  4 hobgoblins
  8 jackals
  9 kobolds
  3 quokkas
  9 ball pythons
  2 bats (D:2)
  9 frilled lizards
  11 rats
127 creatures vanquished.

Notes
Turn   | Place    | Note
-------+----------+-------------------------------------------
     0 | D:1      | hikkokomori the Mountain Dwarf Alchemist began the quest
                  | for the Orb.
     0 | D:1      | Reached XP level 1. HP: 14/14 MP: 3/3
   101 | D:1      | Reached skill level 1 in Conjurations
   357 | D:1      | Reached XP level 2. HP: 19/20 MP: 0/4
  1047 | D:2      | Reached XP level 3. HP: 14/26 MP: 4/6
  1219 | D:2      | Learned a level 3 spell: Mephitic Cloud
  2089 | D:2      | Found a faded altar of an unknown god.
  2140 | D:3      | Reached XP level 4. HP: 15/34 MP: 1/7
  2275 | D:3      | Noticed Jessica
  2276 | D:3      | Found an ancient bone altar of Kikubaaqudgha.
  2288 | D:3      | Killed Jessica
  2289 | D:3      | Reached skill level 1 in Fighting
  2291 | D:3      | Reached XP level 5. HP: 33/40 MP: 1/8
  2535 | D:3      | Found a snail-covered altar of Cheibriados.
  2624 | D:3      | Found a glowing drain.
  2635 | Sewer    | Entered a sewer
  2844 | Sewer    | Reached XP level 6. HP: 43/48 MP: 2/10
  3101 | Sewer    | Reached skill level 1 in Air Magic
  3507 | Sewer    | Reached XP level 7. HP: 38/56 MP: 5/11
  3507 | Sewer    | Gained mutation: You are robust. (+10% HP) [potion of
                  | mutation]
  3507 | Sewer    | Gained mutation: Potions are less effective at restoring
                  | your health. [potion of mutation]
  3507 | Sewer    | Lost mutation: You are robust. (+10% HP) [potion of
                  | mutation]
  4078 | D:3      | Identified the +2 mace of Cuthrudghe {freeze, Int+2 Dex+2}
  4437 | D:3      | Noticed Natasha
  4623 | D:3      | Killed Natasha
  4751 | D:3      | Noticed Natasha
  4760 | D:3      | Killed Natasha
  4882 | D:4      | Found Ryugemna's Armour Shoppe.
  4903 | D:4      | Bought a +0 helmet for 45 gold pieces
  4903 | D:4      | Bought a +0 pair of gloves for 45 gold pieces
  4952 | D:4      | Reached skill level 1 in Maces & Flails
  5057 | D:4      | Found a hide-covered altar of Uskayaw.
  5091 | D:4      | You fall into a shaft and drop 2 floors!
  5145 | D:6      | Killed from afar by a white imp

Illustrated notes

Levels and vault maps discovered:
D:1:      dpeg_arrival_rhombi, layout_loops_ring
D:2:      layout_loops_ring, dilly_ecumenical_altar_fadedgnrine,
          mrwooster_statue_mirror
D:3:      layout_loops_corners, cheibriados_altar_1, lemuel_round_altar,
          mainiacjoe_sewer_entry_somewhere_in_here_1, serial_bayou_pond_c,
          minmay_misc_feat_x, uniq_natasha, uniq_jessica
D:4:      layout_basic, nicolae_uskayaw_suspiria, serial_shops,
          nicolae_shop_behind_doors
D:6:      layout_cave_pools, minmay_temple_entry_slanted,
          nicolae_zen_rock_garden

Skill      XL: |  1  2  3  4  5  6  7 |
---------------+----------------------+-----
Conjurations   | 1 2 3 |  3.3
Spellcasting   | 2 3 |  3.5
Stealth        | 2 |  2.0
Dodging        | 2 |  2.0
Fighting       | 1 2 3 |  3.4
Alchemy        | 3 |  3.9
Air Magic      | 1 |  1.8
Maces & Flails | 1 |  1.4

Action                     |  1- 3 |  4- 6 |  7- 9 || total
---------------------------+-------+-------+-------++-------
  Melee: Unarmed           |    11 |       |       ||    11
         Long sword        |    33 |       |       ||    33
         Whip              |    27 |   109 |     7 ||   143
         Mace              |       |       |    94 ||    94
   Cast: Sting             |    49 |    67 |    13 ||   129
         Mephitic Cloud    |       |       |    10 ||    10
    Use: Scroll            |     8 |     1 |       ||     9
         Potion            |       |       |     1 ||     1
   Stab: Sleeping          |     2 |       |       ||     2
         Confused          |       |       |     9 ||     9
 Armour: Robe              |    36 |       |       ||    36
         Scale mail        |    10 |   101 |    94 ||   205
  Dodge: Dodged            |    36 |    67 |    56 ||   159

Table legend: (Time is in decaauts)
 A = Elapsed time spent in this place.
 B = Non-inter-level travel time spent in this place.
 C = Inter-level travel time spent in this place.
 D = Time resting spent in this place.
 E = Time spent auto-exploring this place.
 F = Levels seen in this place.
 G = Mean time per level.
                   A        B        C        D        E       F      G
               +--------+--------+--------+--------+--------+-----+--------+
         Total |   5423 |   5335 |     88 |     41 |   4136 |   6 |  903.8 |
       Dungeon |   3830 |   3742 |     88 |     41 |   2867 |   5 |  766.0 |
         Sewer |   1592 |   1592 |      0 |      0 |   1269 |   1 | 1592.0 |
               +--------+--------+--------+--------+--------+-----+--------+

Top non-repeatable levels by time:
   Sewer: 1592 daAuts
     D:3: 1365 daAuts
     D:2: 1105 daAuts
     D:1: 1021 daAuts
     D:4: 275 daAuts
     D:6: 62 daAuts
